 Dungeon Crawl Stone Soup version 0.21.0-3-g78d12a8 (webtiles) character file.

151 Television the Vexing (level 4, -1/33 HPs)
             Began as a Demigod Enchanter on Jan 16, 2018.
             Slain by an ogre
             ... wielding a +0 giant club
              (34 damage)
             ... on level 4 of the Dungeon.
             The game lasted 00:06:19 (3594 turns).

Television the Vexing (Demigod Enchanter)           Turns: 3594, Time: 00:06:19

Health: -1/33      AC:  4    Str: 11    XL:     4   Next: 86%
Magic:  7/9        EV: 12    Int: 21    God:
Gold:   168        SH:  0    Dex: 16    Spells: 0/6 levels left

rFire    . . .     SeeInvis .   a - +1 dagger
rCold    . . .     Gourm    .   (no shield)
rNeg     . . .     Faith    .   b - +0 robe
rPois    .         Spirit   .   f - +0 helmet
rElec    .         Reflect  .   (no cloak)
rCorr    .         Harm     +   (no gloves)
MR       .....                  o - +0 pair of boots
Stlth    +++.......             m - amulet of harm
HPRegen  0.11/turn              (no ring)
MPRegen  0.11/turn              (no ring)

@: no status effects
A: high mp 1
a: no special abilities


You were on level 4 of the Dungeon.
You were hungry.

You visited 1 branch of the dungeon, and saw 4 of its levels.

You collected 168 gold pieces.

Inventory:

Hand Weapons
 a - a +1 dagger (weapon)
 v - a +2 flail of holy wrath
Missiles
 t - 2 curare-tipped needles
 u - 14 tomahawks (quivered)
Armour
 b - a +0 robe (worn)
 f - a +0 helmet (worn)
 o - a +0 pair of boots (worn)
Jewellery
 m - an amulet of harm (around neck)
Wands
 r - a wand of random effects (31)
Scrolls
 e - a scroll of teleportation
 h - a scroll of identify {unknown}
 i - a scroll of magic mapping {unknown}
 k - 3 scrolls of remove curse
Potions
 g - 2 potions of invisibility {unknown}
 l - a potion of magic {unknown}
 n - a potion of resistance {unknown}
 p - a potion of heal wounds {unknown}
 q - a potion of ambrosia {unknown}
 s - a potion of flight {unknown}
Books
 c - a book of Maledictions

   Spells                             Type                      Level
   a - Corona                         Hexes                        1
   b - Ensorcelled Hibernation        Hexes/Ice                    2
   c - Confuse                        Hexes                        3
   d - Tukima's Dance                 Hexes                        3
   e - Dazzling Spray                 Conjuration/Hexes            3
Comestibles
 d - 3 rations


   Skills:
 + Level 2.6 Short Blades
 - Level 1.9 Dodging
 + Level 3.5 Stealth
 - Level 1.8 Spellcasting
 + Level 4.0 Hexes


You couldn't memorise any spells.
You knew the following spells:

 Your Spells              Type           Power        Failure   Level  Hunger
a - Corona                Hex            ###....      2%          1    #......
b - Ensorcelled Hibernat  Hex/Ice        ##....       10%         2    ###....
c - Confuse               Hex            ###.....     9%          3    ###....


Dungeon Overview and Level Annotations

Branches:
Dungeon (4/15)
 Temple: D:4-7


Innate Abilities, Weirdness & Mutations

You have an increased reservoir of magic. (+10% MP)


Message History

The helpless iguana fails to defend itself.
You impale the iguana!!
You kill the iguana!
Your Hexes skill increases to level 4!
Things that are here:
a leather armour; a whip; an orc skeleton Magic restored.
An orc is nearby!
The ogre shouts!
The orc shouts!
You hear the hiss of a distant avalanche of sand.
The orc priest looks satisfied for a moment.
Casting: Ensorcelled Hibernation
Confirm with . or Enter, or press ? or * to list all spells.
Aiming: Ensorcelled Hibernation
Press: ? - help, Shift-Dir - straight line, f - ogre
Aim: an ogre, wielding a giant club (chance to defeat MR: 41%)
The ogre resists with some effort.
The ogre hits you with a giant club!!
Ouch! That really hurt!
You die...

#.# #.# #.#
#.### #...#
###.# #.#
#########O#
#<[.....@.#
###########


You could see an ogre.

Vanquished Creatures
  An iguana (D:4)
  5 adders
  An ooze (D:2)
  3 worms
  3 dart slugs
  2 leopard geckos
  3 orcs
  A ball python (D:1)
  5 bats
  2 giant cockroaches
  10 goblins
  3 hobgoblins
  2 jackals (D:2)
  A quokka (D:3)
  2 frilled lizards (D:3)
  10 kobolds
  5 rats
59 creatures vanquished.

Notes
Turn   | Place    | Note
-------+----------+-------------------------------------------
     0 | D:1      | Television the Demigod Enchanter began the quest for the Orb.
     0 | D:1      | Reached XP level 1. HP: 14/14 MP: 5/5
   341 | D:1      | Reached skill level 1 in Short Blades
   790 | D:1      | Reached skill level 3 in Hexes
   959 | D:2      | Reached XP level 2. HP: 13/20 MP: 7/7
   977 | D:2      | Learned a level 2 spell: Ensorcelled Hibernation
  1274 | D:2      | Found a glowing golden altar of the Shining One.
  1383 | D:2      | Reached XP level 3. HP: 17/26 MP: 8/8
  2347 | D:3      | Reached XP level 4. HP: 33/33 MP: 6/9
  2533 | D:3      | Learned a level 3 spell: Confuse
  3256 | D:4      | Noticed an ogre
  3525 | D:4      | Reached skill level 4 in Hexes
  3594 | D:4      | Slain by an ogre

Skill      XL: |  1  2  3  4 |
---------------+-------------+-----
Short Blades   | 1 2 |  2.6
Hexes          | 3 4 |  4.0
Stealth        | 3 |  3.5
Dodging        | |  1.9
Spellcasting   | |  1.8

Action                   |  1- 3 |  4- 6 || total
-------------------------+-------+-------++-------
Melee: Dagger            |   132 |    68 ||   200
 Cast: Ensorcelled Hiber |     9 |    13 ||    22
       Corona            |     1 |       ||     1
  Use: Scroll            |     2 |       ||     2
 Stab: Sleeping          |    18 |     6 ||    24
  Eat: Chunk             |     5 |     4 ||     9
Armor: Robe              |    31 |    11 ||    42
Dodge: Dodged            |    77 |    43 ||   120
